[ AOE2 MATCH · #506782934 ]
UnrankedTeutons vs Lithuanians
Player's team · LOSS
[ REPLAY ANALYSIS · EXTRACTED FROM THE RECORDED GAME ]
Feudal
10:03
Castle
27:47
Imperial
46:05
| APM avg | 25.6 |
| APM peak | 54 |
| eAPM avg | 18.5 |
| Villagers / military | 133 / 98 |
Focus
⚔️ 31.4% · 🌾 68.6%
Spearman ×60 · Knight ×36 · Monk ×2
Feudal
9:19
Castle
24:01
Imperial
49:37
| APM avg | 49.3 |
| APM peak | 100 |
| eAPM avg | 19.2 |
| Villagers / military | 120 / 131 |
Focus
⚔️ 33.2% · 🌾 66.8%
Leitis ×103 · Knight ×18 · Monk ×3 · Scout Cavalry ×3 · Mangonel ×2 · Trebuchet (Packed) ×2
Match map
Initial resources + every placement click. Lines = walls · curves = elevation contours. ◆ gold · ⬟ stone · ● berries · ✦ relic · ◌ wall gap
Your base· ✓ Closed at 27:47 · 33t walls · 2 gate(s)
Financial Panther's base· Open — 8t gap
Smoothed initial terrain · ◌ = detected wall gap · hover for details
Inputs per minute
— Lord_calderon - - Financial Panther
Build order — Lord_calderon
First 150 of 355 actions detected
| 0:01 | Queue | Villager (Male) |
| 0:01 | Queue | Villager (Male) |
| 0:02 | Build | House |
| 0:07 | Build | House |
| 0:10 | Queue | Villager (Male) |
| 0:11 | Queue | Villager (Male) |
| 1:36 | Queue | Villager (Male) |
| 1:37 | Queue | Villager (Male) |
| 2:07 | Queue | Villager (Male) |
| 2:30 | Queue | Villager (Male) |
| 2:31 | Queue | Villager (Male) |
| 2:47 | Queue | Villager (Male) |
| 2:47 | Queue | Villager (Male) |
| 3:02 | Queue | Villager (Male) |
| 3:02 | Queue | Villager (Male) |
| 3:50 | Build | House |
| 3:54 | Queue | Villager (Male) |
| 3:55 | Queue | Villager (Male) |
| 3:56 | Queue | Villager (Male) |
| 3:59 | Build | Lumber Camp |
| 4:31 | Build | Mill |
| 4:46 | Queue | Villager (Male) |
| 5:14 | Queue | Villager (Male) |
| 5:18 | Queue | Villager (Male) |
| 5:19 | Research | Loom |
| 6:02 | Queue | Villager (Male) |
| 6:50 | Queue | Villager (Male) |
| 7:53 | Research | Feudal Age |
| 8:01 | Build | Mining Camp |
| 8:19 | Build | House |
| 8:22 | Build | Palisade Wall |
| 8:35 | Build | Palisade Wall |
| 8:37 | Build | Palisade Wall |
| 8:38 | Build | Palisade Wall |
| 8:40 | Build | Palisade Wall |
| 8:48 | Build | Palisade Wall |
| 10:03 | Age | Feudal Age |
| 10:24 | Build | Watch Tower |
| 10:25 | Queue | Villager (Male) |
| 10:37 | Build | Blacksmith |
| 10:39 | Build | House |
| 10:44 | Queue | Villager (Male) |
| 10:45 | Queue | Villager (Male) |
| 10:45 | Queue | Villager (Male) |
| 10:57 | Build | Watch Tower |
| 11:45 | Queue | Villager (Male) |
| 11:50 | Build | House |
| 11:53 | Build | Palisade Wall |
| 12:17 | Build | Watch Tower |
| 12:18 | Queue | Villager (Male) |
| 12:41 | Queue | Villager (Male) |
| 12:41 | Queue | Villager (Male) |
| 12:49 | Research | Fletching |
| 12:49 | Research | Fletching |
| 12:54 | Build | House |
| 13:27 | Queue | Villager (Male) |
| 13:42 | Queue | Villager (Male) |
| 13:45 | Build | House |
| 13:50 | Build | Palisade Wall |
| 14:05 | Build | House |
| 14:35 | Build | Watch Tower |
| 14:36 | Queue | Villager (Male) |
| 15:00 | Build | Farm |
| 15:00 | Build | Farm |
| 15:01 | Build | Farm |
| 15:01 | Build | Farm |
| 15:01 | Build | Farm |
| 15:01 | Build | Farm |
| 15:02 | Build | Farm |
| 15:02 | Build | Farm |
| 15:03 | Queue | Villager (Male) |
| 15:10 | Build | House |
| 15:35 | Queue | Villager (Male) |
| 15:35 | Queue | Villager (Male) |
| 15:50 | Queue | Villager (Male) |
| 16:15 | Build | Watch Tower |
| 16:19 | Build | Palisade Wall |
| 16:21 | Build | Palisade Wall |
| 16:37 | Queue | Villager (Male) |
| 16:39 | Build | Farm |
| 16:39 | Build | Farm |
| 16:40 | Build | Farm |
| 16:55 | Build | House |
| 17:07 | Queue | Villager (Male) |
| 17:29 | Build | Watch Tower |
| 17:37 | Queue | Villager (Male) |
| 17:41 | Research | Double-Bit Axe |
| 18:06 | Queue | Villager (Male) |
| 18:07 | Queue | Villager (Male) |
| 18:18 | Build | Palisade Wall |
| 18:27 | Queue | Villager (Male) |
| 18:48 | Queue | Villager (Male) |
| 18:57 | Build | House |
| 19:17 | Queue | Villager (Male) |
| 19:29 | Queue | Villager (Male) |
| 19:45 | Build | Palisade Wall |
| 19:45 | Build | Palisade Wall |
| 19:46 | Build | Palisade Wall |
| 19:46 | Build | Palisade Wall |
| 19:47 | Build | Palisade Wall |
| 19:47 | Build | Palisade Wall |
| 19:55 | Queue | Villager (Male) |
| 20:17 | Build | Barracks |
| 20:17 | Queue | Villager (Male) |
| 20:21 | Build | House |
| 20:42 | Queue | Villager (Male) |
| 20:48 | Build | Mining Camp |
| 20:52 | Build | House |
| 21:01 | Build | House |
| 21:14 | Queue | Villager (Male) |
| 21:19 | Build | Palisade Wall |
| 21:21 | Build | House |
| 21:33 | Build | Farm |
| 21:33 | Build | Farm |
| 21:34 | Build | Farm |
| 21:42 | Queue | Spearman |
| 21:49 | Build | Farm |
| 21:50 | Build | Farm |
| 21:55 | Build | House |
| 22:02 | Build | Palisade Gate |
| 22:11 | Build | Palisade Wall |
| 22:23 | Queue | Villager (Male) |
| 22:31 | Build | Palisade Gate |
| 22:57 | Queue | Villager (Male) |
| 23:36 | Build | House |
| 23:39 | Queue | Villager (Male) |
| 23:59 | Build | Watch Tower |
| 24:05 | Build | Palisade Wall |
| 24:07 | Build | Palisade Wall |
| 24:10 | Build | Palisade Wall |
| 24:12 | Build | Palisade Wall |
| 24:19 | Build | Stable |
| 24:29 | Build | Stable |
| 24:39 | Queue | Villager (Male) |
| 25:07 | Research | Castle Age |
| 25:21 | Build | Watch Tower |
| 25:28 | Research | Bloodlines |
| 25:30 | Research | Scale Barding Armor |
| 25:43 | Build | Farm |
| 25:43 | Build | Farm |
| 25:44 | Build | Farm |
| 25:44 | Build | Farm |
| 25:48 | Build | Stable |
| 25:54 | Build | Stable |
| 25:56 | Build | Farm |
| 25:56 | Build | Farm |
| 26:15 | Build | Farm |
| 26:39 | Build | Stone Wall |
| 26:41 | Build | Stone Wall |
| 26:49 | Build | Farm |
Build order — Financial Panther
First 150 of 394 actions detected
| 0:00 | Queue | Villager (Male) |
| 0:01 | Queue | Villager (Male) |
| 0:02 | Build | House |
| 0:03 | Build | House |
| 0:04 | Queue | Villager (Male) |
| 0:05 | Queue | Villager (Male) |
| 0:05 | Queue | Villager (Male) |
| 0:25 | Queue | Villager (Male) |
| 0:25 | Queue | Villager (Male) |
| 1:25 | Queue | Villager (Male) |
| 1:51 | Queue | Villager (Male) |
| 1:55 | Build | Lumber Camp |
| 3:11 | Queue | Villager (Male) |
| 3:35 | Queue | Villager (Male) |
| 3:51 | Build | House |
| 4:09 | Queue | Villager (Male) |
| 4:23 | Build | Mill |
| 4:25 | Queue | Villager (Male) |
| 4:32 | Build | House |
| 4:42 | Queue | Villager (Male) |
| 4:42 | Queue | Villager (Male) |
| 5:34 | Queue | Villager (Male) |
| 6:19 | Queue | Villager (Male) |
| 6:21 | Queue | Villager (Male) |
| 6:22 | Research | Loom |
| 6:39 | Build | Palisade Wall |
| 7:06 | Research | Feudal Age |
| 7:25 | Build | Palisade Wall |
| 7:41 | Build | Barracks |
| 8:07 | Queue | Villager (Male) |
| 8:52 | Build | Lumber Camp |
| 9:19 | Age | Feudal Age |
| 9:33 | Queue | Villager (Male) |
| 9:46 | Build | Stable |
| 10:07 | Queue | Villager (Male) |
| 10:20 | Queue | Villager (Male) |
| 10:29 | Build | House |
| 10:30 | Build | Palisade Wall |
| 10:43 | Build | Mining Camp |
| 10:45 | Queue | Villager (Male) |
| 11:11 | Queue | Villager (Male) |
| 11:18 | Build | Mining Camp |
| 11:20 | Queue | Villager (Male) |
| 11:32 | Queue | Scout Cavalry |
| 11:32 | Queue | Scout Cavalry |
| 11:50 | Build | Stone Wall |
| 12:10 | Queue | Villager (Male) |
| 12:15 | Build | Lumber Camp |
| 12:16 | Queue | Villager (Male) |
| 12:28 | Queue | Villager (Male) |
| 12:31 | Build | Farm |
| 12:41 | Queue | Villager (Male) |
| 12:45 | Build | House |
| 12:56 | Queue | Villager (Male) |
| 13:20 | Build | House |
| 13:23 | Build | House |
| 13:41 | Build | Watch Tower |
| 13:45 | Queue | Villager (Male) |
| 13:58 | Queue | Scout Cavalry |
| 14:06 | Build | Farm |
| 14:07 | Build | Farm |
| 14:14 | Build | House |
| 14:21 | Queue | Villager (Male) |
| 14:36 | Queue | Villager (Male) |
| 14:39 | Build | Farm |
| 14:43 | Build | House |
| 14:59 | Queue | Villager (Male) |
| 15:04 | Build | Blacksmith |
| 15:38 | Queue | Villager (Male) |
| 15:43 | Build | Farm |
| 15:45 | Build | Farm |
| 15:47 | Build | Farm |
| 15:59 | Queue | Villager (Male) |
| 16:16 | Research | Fletching |
| 16:56 | Queue | Villager (Male) |
| 16:59 | Build | Farm |
| 17:14 | Queue | Villager (Male) |
| 17:17 | Queue | Villager (Male) |
| 17:19 | Build | Farm |
| 17:24 | Build | Lumber Camp |
| 17:44 | Build | Farm |
| 17:47 | Research | Horse Collar |
| 18:26 | Queue | Villager (Male) |
| 18:27 | Queue | Villager (Male) |
| 18:51 | Queue | Villager (Male) |
| 18:56 | Build | Market |
| 18:59 | Build | Mill |
| 19:02 | Build | Farm |
| 19:03 | Build | Farm |
| 19:03 | Build | Farm |
| 19:41 | Queue | Villager (Male) |
| 20:00 | Build | Farm |
| 20:04 | Build | Farm |
| 20:08 | Build | Palisade Wall |
| 21:21 | Research | Castle Age |
| 21:42 | Queue | Villager (Male) |
| 22:02 | Research | Double-Bit Axe |
| 22:24 | Research | Scale Barding Armor |
| 22:39 | Queue | Villager (Male) |
| 22:44 | Build | House |
| 22:58 | Research | Bloodlines |
| 23:16 | Build | Stable |
| 24:01 | Age | Castle Age |
| 24:13 | Build | Castle |
| 24:16 | Queue | Villager (Male) |
| 24:23 | Queue | Knight |
| 24:23 | Queue | Knight |
| 24:24 | Queue | Knight |
| 24:29 | Build | House |
| 24:30 | Build | House |
| 24:47 | Queue | Villager (Male) |
| 25:09 | Queue | Villager (Male) |
| 25:13 | Build | House |
| 25:21 | Queue | Knight |
| 25:21 | Queue | Knight |
| 25:21 | Queue | Knight |
| 25:29 | Queue | Knight |
| 25:30 | Queue | Knight |
| 25:52 | Queue | Knight |
| 25:55 | Queue | Villager (Male) |
| 26:06 | Queue | Villager (Male) |
| 26:08 | Build | Farm |
| 26:09 | Build | Farm |
| 26:15 | Build | Town Center |
| 26:41 | Build | Farm |
| 27:09 | Research | Forging |
| 27:12 | Queue | Villager (Male) |
| 27:12 | Queue | Villager (Male) |
| 27:17 | Build | Farm |
| 27:19 | Build | Farm |
| 27:20 | Build | Farm |
| 27:35 | Queue | Knight |
| 27:35 | Queue | Knight |
| 27:39 | Queue | Villager (Male) |
| 28:01 | Queue | Villager (Male) |
| 28:02 | Queue | Villager (Male) |
| 28:06 | Build | Farm |
| 28:08 | Build | Farm |
| 28:10 | Build | Farm |
| 28:12 | Build | Farm |
| 28:13 | Queue | Villager (Male) |
| 29:10 | Queue | Knight |
| 29:11 | Queue | Knight |
| 29:11 | Queue | Knight |
| 29:11 | Queue | Knight |
| 29:12 | Queue | Knight |
| 29:31 | Queue | Knight |
| 29:31 | Queue | Knight |
| 30:00 | Queue | Villager (Male) |
| 30:00 | Queue | Villager (Male) |
Match timeline
| 6:39 | Financial Panther · wall_segment Palisade Wall x6 |
| 7:25 | Financial Panther · wall_segment Palisade Wall x3 |
| 7:41 | Financial Panther · first_building Barracks |
| 8:22 | Lord_calderon · wall_segment Palisade Wall x3 |
| 8:35 | Lord_calderon · wall_segment Palisade Wall x1 |
| 8:37 | Lord_calderon · wall_segment Palisade Wall x1 |
| 8:38 | Lord_calderon · wall_segment Palisade Wall x1 |
| 8:40 | Lord_calderon · wall_segment Palisade Wall x7 |
| 8:48 | Lord_calderon · wall_segment Palisade Wall x1 |
| 9:19 | Financial Panther · age_up feudal |
| 9:46 | Financial Panther · first_building Stable |
| 10:03 | Lord_calderon · age_up feudal |
| 10:30 | Financial Panther · wall_segment Palisade Wall x1 |
| 11:50 | Financial Panther · wall_segment Stone Wall x6 |
| 11:53 | Lord_calderon · wall_segment Palisade Wall x3 |
| 13:50 | Lord_calderon · wall_segment Palisade Wall x1 |
| 16:19 | Lord_calderon · wall_segment Palisade Wall x1 |
| 16:21 | Lord_calderon · wall_segment Palisade Wall x1 |
| 18:18 | Lord_calderon · wall_segment Palisade Wall x1 |
| 19:45 | Lord_calderon · wall_segment Palisade Wall x2 |
| 19:45 | Lord_calderon · wall_segment Palisade Wall x1 |
| 19:46 | Lord_calderon · wall_segment Palisade Wall x2 |
| 19:46 | Lord_calderon · wall_segment Palisade Wall x1 |
| 19:47 | Lord_calderon · wall_segment Palisade Wall x1 |
| 19:47 | Lord_calderon · wall_segment Palisade Wall x1 |
| 20:08 | Financial Panther · wall_segment Palisade Wall x12 |
| 20:17 | Lord_calderon · first_building Barracks |
| 20:21 | Financial Panther · first_market_buy 100 food |
| 21:19 | Lord_calderon · wall_segment Palisade Wall x1 |
| 22:11 | Lord_calderon · wall_segment Palisade Wall x1 |
| 24:01 | Financial Panther · age_up castle |
| 24:05 | Lord_calderon · wall_segment Palisade Wall x1 |
| 24:07 | Lord_calderon · wall_segment Palisade Wall x1 |
| 24:10 | Lord_calderon · wall_segment Palisade Wall x1 |
| 24:12 | Lord_calderon · wall_segment Palisade Wall x1 |
| 24:13 | Financial Panther · first_building Castle |
| 24:19 | Lord_calderon · first_building Stable |
| 24:43 | Financial Panther · first_market_sell 100 wood |
| 26:39 | Lord_calderon · wall_segment Stone Wall x1 |
| 26:41 | Lord_calderon · wall_segment Stone Wall x1 |
| 27:47 | Lord_calderon · age_up castle |
| 28:44 | Lord_calderon · wall_segment Palisade Wall x1 |
| 28:48 | Lord_calderon · wall_segment Palisade Wall x1 |
| 28:49 | Lord_calderon · wall_segment Palisade Wall x2 |
| 29:17 | Lord_calderon · wall_segment Stone Wall x1 |
| 31:47 | Financial Panther · first_building Monastery |
| 33:31 | Financial Panther · wall_segment Stone Wall x7 |
| 33:57 | Financial Panther · wall_segment Stone Wall x1 |
| 34:21 | Lord_calderon · first_building Monastery |
| 38:07 | Financial Panther · first_building Siege Workshop |
| 41:50 | Financial Panther · wall_segment Stone Wall x1 |
| 44:44 | Lord_calderon · first_market_buy 100 food |
| 46:05 | Lord_calderon · age_up imperial |
| 46:42 | Financial Panther · wall_segment Stone Wall x2 |
| 49:37 | Financial Panther · age_up imperial |
| 53:21 | Lord_calderon · resign |
[ AI ANALYSIS · 1 CREDIT ]
What really happened in this match?
Wolo.gg analyzes every decision: build order, eco, micro, common mistakes by bracket. Personalized analysis on WhatsApp or Discord in 30 seconds.
Civ guide
Teutons
Perfil
Jugador #2723392